 Dungeon Crawl Stone Soup version 0.24.0-125-gc4c63601f3 (webtiles) character file.

Game seed: 10435693351221102804, levelgen mode: deterministic

315550 Amplified the Slayer (level 20, -11/198 HPs)
             Began as a Minotaur Earth Elementalist on Mar 14, 2020.
             Was the Champion of Makhleb.
             Mangled by a deep troll earth mage (15 damage)
             ... led by an ironheart preserver
             ... on level 2 of the Vaults.
             The game lasted 01:29:56 (42606 turns).

Amplified the Slayer (Minotaur Earth Elementalist) Turns: 42606, Time: 01:29:57

Health: -11/198    AC: 14    Str: 32    XL:     20   Next: 51%
Magic:  32/32      EV: 20    Int: 18    God:    Makhleb [******]
Gold:   3094       SH:  6    Dex: 13    Spells: 24/38 levels left

rFire    + + +     SeeInvis .   r - +9 broad axe (freeze)
rCold    + . .     Gourm    .   v - +1 buckler {rC+}
rNeg     + + .     Faith    .   F - +2 leather armour of Dishonesty {rF++ rN+}
rPois    .         Spirit   .   (helmet unavailable)
rElec    .         Reflect  .   J - +0 cloak {rF+}
rCorr    +         Harm     .   h - +1 pair of gloves {Str+3}
MR       ++...                  C - +2 pair of boots {run}
Stlth    ++........             j - amulet of rage
HPRegen  0.43/turn              Q - ring "Suafiff" {*Drain rN+ Str+5 Int+5}
MPRegen  0.23/turn              o - ring "Ekam" {rCorr Str+5}

@: studying Translocations, quick
A: retaliatory headbutt, horns 3, magic resistance 1
}: 2/15 runes: decaying, gossamer
a: Minor Destruction, Lesser Servant of Makhleb, Major Destruction, Greater
Servant of Makhleb, Renounce Religion, Evoke Berserk Rage


You were on level 2 of the Vaults.
You worshipped Makhleb.
Makhleb was exalted by your worship.
You were not hungry.

You visited 7 branches of the dungeon, and saw 36 of its levels.
You also visited: Bailey, Gauntlet, Ice Cave and Volcano.

You collected 4147 gold pieces.
You spent 1053 gold pieces at shops.

Inventory:

Hand Weapons
 a - the +7 flail of Certain Death {venom, rN+}
   (You found it on level 5 of the Dungeon)

   It poisons the flesh of those it strikes.
   It protects you from negative energy.
 r - a +9 broad axe of freezing (weapon)
 y - the +4 broad axe of the Messenger {freeze, rElec Dex+2}
   (You found it on level 1 of the Elven Halls)

   It has been specially enchanted to freeze those struck by it, causing extra
   injury to most foes and up to half again as much damage against particularly
   susceptible opponents.
   It can also slow down cold-blooded creatures.
   It affects your dexterity (+2).
   It insulates you from electricity.
Missiles
 i - 76 poisoned darts
 B - 14 curare-tipped darts (quivered)
 S - 27 silver javelins
Armour
 c - the +1 leather armour of Intercession {Regen+ rCorr}
   (You found it on level 3 of the Elven Halls)

   It increases your rate of regeneration.
   It provides partial protection from all sources of acid and corrosion.
 g - the +1 robe of the Wary Blessings {-Tele rCorr Str+4 Dex+7}
   (You found it on level 6 of the Dungeon)

   It affects your strength (+4).
   It affects your dexterity (+7).
   It prevents most forms of teleportation.
   It provides partial protection from all sources of acid and corrosion.
 h - a +1 pair of gloves of strength (worn)
 v - a +1 buckler of cold resistance (worn)
 A - a +3 scale mail of cold resistance
 C - a +2 pair of boots of running (worn)
 F - the +2 leather armour of Dishonesty (worn) {rF++ rN+}
   (You took it off a deep elf demonologist on level 3 of the Elven Halls)

   It greatly protects you from fire.
   It protects you from negative energy.
 J - a +0 cloak of fire resistance (worn)
 R - the +4 robe "Foaluth" {+Blink rPois}
   (You found it on level 6 of the Lair of Beasts)

   It protects you from poison.
   It lets you blink.
 U - the +6 scale mail "Nugrakal" {MR++}
   (You found it on level 4 of the Spider Nest)

   It affects your resistance to hostile enchantments.
Jewellery
 j - an amulet of rage (around neck)
 o - the ring "Ekam" (right hand) {rCorr Str+5}
   (You took it off a deep elf demonologist on level 3 of the Elven Halls)

   [ring of resist corrosion]

   It affects your strength (+5).
   It provides partial protection from all sources of acid and corrosion.
 x - an uncursed ring of protection from fire
 Q - the ring "Suafiff" (left hand) {*Drain rN+ Str+5 Int+5}
   (You found it in a Gauntlet)

   [ring of intelligence]

   It affects your strength (+5).
   It affects your intelligence (+5).
   It protects you from negative energy.
   It causes draining when unequipped.
Wands
 m - a wand of disintegration (27)
 p - a wand of digging (10)
 u - a wand of iceblast (38)
 E - a wand of scattershot (4)
 L - a wand of flame (48)
 O - a wand of paralysis (14)
 P - a wand of clouds (3)
 Y - a wand of acid (6)
Scrolls
 b - a scroll of silence
 e - a scroll of identify
 l - 8 scrolls of amnesia
 n - 20 scrolls of teleportation
 t - 8 scrolls of immolation
 D - 19 scrolls of remove curse
 I - 4 scrolls of fear
 Z - a scroll of magic mapping
Potions
 k - a potion of agility
 q - 5 potions of lignification
 s - 4 potions of mutation
 z - 12 potions of curing
 G - 5 potions of cancellation
 H - 6 potions of brilliance
 K - a potion of flight
 N - 3 potions of haste
 V - 2 potions of heal wounds
 X - 4 potions of ambrosia
Books
 M - a manual of Translocations
Miscellaneous
 f - a phantom mirror
 w - a lamp of fire
 T - a phial of floods
Comestibles
 d - 31 rations


   Skills:
 * Level 21.6 Fighting
   Level 1.5 Short Blades
 - Level 17.8(19.2) Axes
 - Level 13.4(17.2) Maces & Flails
 - Level 12.9 Armour
 - Level 13.4 Dodging
 - Level 1.5 Stealth
 - Level 5.6 Shields
 * Level 9.6 Spellcasting
 - Level 6.5 Charms
 * Level 5.8 Translocations
 - Level 0.7 Transmutations
 - Level 3.2 Ice Magic
 - Level 5.6 Air Magic
 - Level 2.4 Earth Magic
 - Level 9.0 Invocations


You had 24 spell levels left.
You knew the following spells:

 Your Spells              Type           Power        Failure   Level  Hunger
a - Sandblast             Erth           ###...       3%          1    None
b - Passwall              Tmut/Erth      ##......     7%          2    None
c - Ozocubu's Armour      Chrm/Ice       ####....     3%          3    None
d - Deflect Missiles      Chrm/Air       ####......   73%         6    ######.
e - Blink                 Tloc           N/A          1%          2    None

Your spell library contained the following spells:

 Spells                   Type           Power        Failure   Level  Hunger
 Swiftness                Chrm/Air       ####....     1%          2    None
 Shock                    Conj/Air       ###.         2%          1    None
 Poisonous Vapours        Pois/Air       ###...       4%          2    None
 Throw Frost              Conj/Ice       ##....       7%          2    None
 Recall                   Summ/Tloc      N/A          8%          3    None
 Passage of Golubria      Tloc           N/A          8%          4    ###....
 Magic Dart               Conj           #...         9%          1    None
 Sting                    Conj/Pois      #...         9%          1    None
 Summon Butterflies       Summ           #.......     9%          1    None
 Static Discharge         Conj/Air       ###.....     9%          3    None
 Airstrike                Air            ####......   9%          4    ###....
 Mephitic Cloud           Conj/Pois/Air  ###.....     12%         3    None
 Call Imp                 Summ           #.......     13%         2    None
 Corpse Rot               Necr           N/A          13%         2    None
 Searing Ray              Conj           #.....       13%         2    None
 Slow                     Hex            #.......     13%         2    None
 Stone Arrow              Conj/Erth      ##....       16%         3    None
 Call Canine Familiar     Summ           #.......     26%         3    None
 Confuse                  Hex            #.......     26%         3    None
 Conjure Flame            Conj/Fire      #.......     26%         3    None
 Dazzling Spray           Conj/Hex       #.....       26%         3    None
 Force Lance              Conj/Tloc      ###.....     26%         4    ###....
 Summon Lightning Spire   Summ/Air       ###.....     28%         4    ###....
 Summon Ice Beast         Ice/Summ       ##......     41%         4    ###....
 Petrify                  Tmut/Erth      ##......     43%         4    ###....
 Leda's Liquefaction      Hex/Erth       ##........   47%         4    ###....
 Summon Forest            Summ/Tloc      ###.......   58%         5    #####..
 Lightning Bolt           Conj/Air       ###.......   61%         5    #####..
 Silence                  Hex/Air        ###.......   61%         5    #####..
 Animate Dead             Necr           N/A          65%         4    ###....
 Cause Fear               Hex            #.........   65%         4    ###....
 Fulminant Prism          Conj/Hex       #.........   65%         4    ###....
 Iskenderun's Mystic Bla  Conj           #.......     65%         4    ###....
 Olgreb's Toxic Radiance  Pois           #.......     65%         4    ###....
 Sticky Flame             Conj/Fire      #.......     65%         4    ###....
 Lee's Rapid Deconstruct  Erth           ###.......   65%         5    #####..
 Borgnjor's Vile Clutch   Necr/Erth      ##........   83%         5    #####..
 Irradiate                Conj/Tmut      ##........   91%         5    #####..
 Yara's Violent Unravell  Hex/Tmut       ##........   91%         5    #####..
 Summon Mana Viper        Hex/Summ       #.......     94%         5    #####..
 Venom Bolt               Conj/Pois      #.........   94%         5    #####..
 Bolt of Fire             Conj/Fire      #.........   100%        6    ######.
 Death Channel            Necr           #.........   100%        6    ######.
 Hydra Form               Tmut           ##........   100%        6    ######.
 Invisibility             Hex            #.......     100%        6    ######.
 Simulacrum               Ice/Necr       ##........   100%        6    ######.
 Haunt                    Necr/Summ      #.........   100%        7    #######
 Summon Hydra             Summ           #.........   100%        7    #######
 Borgnjor's Revivificati  Necr           #.........   100%        8    #######
 Death's Door             Chrm/Necr      ###.......   100%        8    #######
 Discord                  Hex            #.........   100%        8    #######
 Infestation              Necr           #.........   100%        8    #######
 Necromutation            Tmut/Necr      ##........   100%        8    #######


Dungeon Overview and Level Annotations

Branches:
Dungeon (15/15)            Temple (0/1) D:6            Lair (6/6) D:10
  Swamp (4/4) Lair:3       Spider (4/4) Lair:4        Slime (0/5) Lair:6
    Orc (2/2) D:9             Elf (3/3) Orc:2        Vaults (2/5) D:14
 Depths (0/5) D:15         Bailey (visited)           IceCv (visited)
Volcano (visited)         Gauntlet (visited)
  Crypt: Vaults:2-3

Altars:
Dithmenos
Elyvilon
Fedhas
Hepliaklqana
Kikubaaqudgha
Makhleb
Nemelex Xobeh
Okawaru
Ru
Sif Muna
Trog
Uskayaw
Vehumet
Yredelemnul
Zin
The Shining One
Beogh
Jiyva

Shops:
D:10 !   D:11 *   Orc:1 %   Orc:2 [=?*

Annotations:
Spider:2 Tough Third
Elf:2 3 runed translucent doors


Innate Abilities, Weirdness & Mutations

You reflexively headbutt those who attack you in melee.
You have a pair of large horns on your head.
You are resistant to hostile enchantments. (MR+)


Message History

* * * LOW HITPOINT WARNING * * *
The deep troll earth mage completely misses you.
The deep troll earth mage closely misses you.
The deep troll shaman bites you.
* * * LOW HITPOINT WARNING * * *
The deep troll shaman closely misses you. x2
The ironheart preserver closely misses you.
You fail to use your ability.
The deep troll earth mage bites you!!
* * * LOW HITPOINT WARNING * * *
The deep troll earth mage barely misses you.
You block the deep troll earth mage's attack.
The deep troll earth mage barely misses you.
You furiously retaliate!
You headbutt the deep troll earth mage. The deep troll earth mage claws you.
* * * LOW HITPOINT WARNING * * *
The deep troll earth mage barely misses you.
The deep troll earth mage bites you!
* * * LOW HITPOINT WARNING * * *
The deep troll earth mage claws you!
You die...

#...#...#...##'###
#...#...##'###...#
#..[######...'.<.#
###'##...+...#...+
#...'...#...#####
#.[.#...#####
#...##'#####
#####.(....#
#T@p...# #TT....#
#......# #..$...#
#......# #......#
#......# #......#


You could see an ironheart preserver, 2 deep troll earth magi and a deep troll
shaman.

Vanquished Creatures
  Nikola (Swamp:1)
  Jorgrun (Swamp:1)
  The ghost of Fesusur the Peltast, an adept HuFi of the Shining One (Vaults:1)
  An Ice Fiend (IceCv)
  3 deep elf master archers (Elf:3)
  3 deep elf blademasters (Elf:3)
  Gastronok (D:11)
  2 thorn hunters (Swamp:4)
  A sphinx (Vaults:2)
  2 frost giants
  2 deep elf sorcerers (Elf:3)
  2 ghost moths (Spider:4)
  Louise (Swamp:1)
  A vault warden (Vaults:2)
  Aizul (Swamp:2)
  4 deep elf elementalists (Elf:3)
  7 emperor scorpions
  A stone giant (Orc:2)
  A very ugly thing (Swamp:2)
  2 ironheart preservers
  3 entropy weavers
  3 deep elf demonologists (Elf:3)
  Azrael (D:13)
  A minotaur (Gauntlet)
  5 spark wasps
  8 deep elf annihilators
  A dire elephant (D:15)
  Snorg (D:11)
  8 deep elf death magi
  The ghost of Frank2 the Basher, a journeyman DsGl of Makhleb (Lair:4)
  4 deep elf high priests
  2 yaktaur captains
  3 vault guards
  An ice dragon (D:11)
  3 catoblepae
  22 hydras
  8 ghost crabs
  3 death knights
  7 centaur warriors
  13 alligators
  4 two-headed ogres
  11 dancing weapons
  A queen ant (D:11)
  The ghost of Sysandra the Thaumaturge, a journeyman DECj of Sif Muna (D:11)
  8 death scarabs (Spider:4)
  A deep troll earth mage (Vaults:2)
  6 orc high priests
  Sonja (Lair:1)
  A soul eater (Gauntlet)
  5 spriggans
  16 deep elf knights
  3 skeletal warriors
  2 fire crabs
  A swamp dragon (shapeshifter) (Vaults:1)
  A deep troll (Vaults:2)
  9 swamp dragons
  A death drake (Gauntlet)
  7 spriggan druids
  11 deep elf archers
  4 unseen horrors
  3 spectral wolf spiders (Spider:4)
  4 ironbrand convokers
  A phantasmal warrior (D:15)
  Pikel (D:4)
  11 orc knights
  3 wolf spider zombies
  3 harpies (Vaults:1)
  34 wolf spiders
  8 cyclopes
  12 ugly things
  3 orc sorcerers
  43 deep elf magi
  7 manticores
  26 orb spiders
  6 moths of wrath
  Joseph (D:8)
  2 spectral centaurs (Gauntlet)
  10 elephants
  4 apocalypse crabs (Swamp:2)
  Maurice (Orc:2)
  4 vault sentinels
  27 spiny frogs
  Psyche (D:8)
  2 ice statues
  6 centaur skeletons
  2 black mambas
  A torpor snail (Spider:2)
  3 gargoyles
  3 molten gargoyles (Volcano)
  2 kobold demonologists (D:11)
  4 spectral redbacks (Spider:4)
  5 efreet
  15 demonic crawlers
  3 rime drakes (Lair:4)
  6 ice devils (IceCv)
  6 freezing wraiths
  A redback zombie (Spider:4)
  6 anaconda simulacra (IceCv)
  2 tengu conjurers (D:14)
  7 komodo dragons
  45 jumping spiders
  A small abomination (Elf:3)
  A golden dragon simulacrum (IceCv)
  6 meliai
  4 spectral jumping spiders (Spider:4)
  The ghost of jf82 the Chopper, an amateur HOFi of Trog (D:4)
  8 trolls
  15 tyrant leeches
  11 hornets
  A harpy skeleton (D:15)
  33 blink frogs
  3 spectral tarantellas (Spider:4)
  2 wolf spider simulacra
  5 polar bears
  5 dream sheep (Lair:5)
  A stone giant simulacrum (Vaults:1)
  7 bog bodies
  25 slime creatures
  2 tarantella zombies (Spider:4)
  A jumping spider zombie (Spider:4)
  The ghost of Blodwynpig the Cudgeler, an amateur GrBe of Trog (D:4)
  4 air elementals
  10 hippogriffs
  7 water elementals
  2 dire elephant simulacra (IceCv)
  29 tarantellas
  A wyvern (D:13)
  7 wraiths
  4 fire bats (Gauntlet)
  A vampire (D:14)
  The ghost of Maplein the Covert, an amateur SpAs (D:4)
  2 shadows
  56 redbacks
  Eustachio (D:4)
  8 fire elementals
  2 basilisks
  42 yaks
  3 hungry ghosts
  Grum (D:11)
  A steam dragon (shapeshifter) (Vaults:1)
  A steam dragon (Lair:3)
  A death yak simulacrum (Lair:4)
  21 vampire mosquitoes
  4 harpy simulacra (IceCv)
  19 insubstantial wisps
  21 swamp worms
  4 wargs
  2 acid dragons
  21 soldier ants
  A hydra simulacrum (Lair:4)
  2 iron troll simulacra (IceCv)
  10 water moccasins
  2 hell hounds (D:13)
  3 spectral hornets (Spider:4)
  4 porcupines
  A slave (D:4)
  56 orc warriors
  20 ice beasts
  An alligator simulacrum (IceCv)
  3 eyes of draining
  2 hornet zombies
  8 ogres
  3 sky beasts
  6 wolves
  4 ettin simulacra (IceCv)
  2 black mamba simulacra (Lair:4)
  2 necrophages
  16 swamp drakes
  An eye of draining (shapeshifter) (D:15)
  3 phantoms
  5 boggarts (Vaults:1)
  14 centaurs
  14 crocodiles
  13 big kobolds
  6 earth elementals
  2 wyvern zombies
  27 bullfrogs
  A wyvern skeleton (D:11)
  8 scorpions
  A dream sheep simulacrum (Lair:4)
  An elephant simulacrum (Lair:4)
  14 wights (D:12)
  8 electric eels
  A howler monkey (D:14)
  6 centaur zombies
  10 crimson imps
  3 bullfrog zombies
  A quasit (D:8)
  32 orc priests
  2 jellies
  3 bullfrog skeletons
  5 draconian simulacra (IceCv)
  5 hounds
  3 iguanas
  33 worker ants
  27 orc wizards
  A wolf simulacrum (IceCv)
  A polar bear simulacrum (Lair:4)
  5 troll simulacra (IceCv)
  3 centaur simulacra (IceCv)
  2 hound zombies
  A hound skeleton (D:6)
  A worker ant zombie (D:9)
  8 gnolls
  13 adders
  An ogre simulacrum (IceCv)
  8 shadow imps
  7 white imps (IceCv)
  5 ufetubi (IceCv)
  5 oozes
  5 worms
  A dart slug (D:1)
  5 leopard geckos
  114 orcs
  A bat skeleton (D:4)
  A bat zombie (D:4)
  8 giant cockroaches
  8 hobgoblins
  11 jackals
  9 quokkas
  2 ball pythons
  9 bats
  6 frilled lizards
  5 goblins
  22 kobolds
  A leopard gecko skeleton (D:4)
  9 rats
  5 briar patches (Swamp:4)
  2 crawling corpses (Elf:1)
  A fungus (Lair:3)
  4 plants
1658 creatures vanquished.

Vanquished Creatures (collateral kills)
  An orc high priest (Orc:2)
  3 orc warriors (Orc:2)
  An orc priest (Orc:2)
  An orc (Orc:2)
6 creatures vanquished.

Vanquished Creatures (others)
  A wolf spider (Spider:3)
  A slave (D:4)
  A sky beast (D:12)
  An orc warrior (Orc:2)
  2 vampire bats (D:4)
  An iguana (D:11)
  A mummy (D:4)
  A bat skeleton (D:4)
  4 bat zombies (D:4)
  A hobgoblin zombie (D:4)
  A kobold zombie (D:4)
  2 orc zombies (D:4)
  2 briar patches (Swamp:4)
  2 fire vortices (Volcano)
  8 fungi
  18 plants
  3 withered plants (D:4)
50 creatures vanquished.

Grand Total: 1714 creatures vanquished

Notes
Turn   | Place    | Note
-------+----------+-------------------------------------------
     0 | D:1      | Amplified the Minotaur Earth Elementalist began the quest
                  | for the Orb.
     0 | D:1      | Reached XP level 1. HP: 14/14 MP: 1/1
   158 | D:1      | Reached skill level 1 in Fighting
   349 | D:1      | Reached XP level 2. HP: 23/23 MP: 3/3
   615 | D:1      | Reached skill level 1 in Short Blades
   615 | D:1      | Reached skill level 1 in Armour
  1026 | D:2      | Reached XP level 3. HP: 29/29 MP: 4/4
  1095 | D:2      | Reached skill level 2 in Fighting
  2208 | D:3      | Noticed a +0 dagger
  2208 | D:3      | Noticed a +0 dagger
  2209 | D:3      | Found a hide-covered altar of Uskayaw.
  2220 | D:3      | Reached skill level 1 in Maces & Flails
  2220 | D:3      | Reached XP level 4. HP: 26/37 MP: 5/5
  2315 | D:3      | Found a radiant altar of Vehumet.
  2315 | D:3      | Found a shadowy altar of Dithmenos.
  2524 | D:3      | Reached skill level 3 in Fighting
  2625 | D:3      | Found a shimmering blue altar of Sif Muna.
  2708 | D:3      | Found a burning altar of Makhleb.
  2719 | D:3      | Reached XP level 5. HP: 36/45 MP: 6/6
  2724 | D:3      | Became a worshipper of Makhleb the Destroyer
  2887 | D:3      | Found a glowing golden altar of the Shining One.
  2891 | D:3      | Found a basalt altar of Yredelemnul.
  2984 | D:4      | Noticed a phantom
  3367 | D:4      | Noticed Eustachio
  3398 | D:5      | Entered Level 5 of the Dungeon
  3911 | D:5      | Got a warped flail
  3912 | D:5      | Identified the +7 flail of Certain Death {venom, rN+} (You
                  | found it on level 5 of the Dungeon)
  4081 | D:5      | Reached * piety under Makhleb
  4081 | D:5      | Reached skill level 4 in Fighting
  4081 | D:5      | Reached XP level 6. HP: 44/52 MP: 7/7
  4605 | D:5      | Found a bloodstained altar of Trog.
  4993 | D:4      | Found a runed translucent gate.
  4994 | D:4      | Found a runed translucent gate.
  4995 | D:4      | Found a runed translucent gate.
  4996 | D:4      | Noticed jf82's ghost (amateur HOFi)
  4996 | D:4      | Noticed Maplein's ghost (amateur SpAs)
  4997 | D:4      | Noticed Blodwynpig's ghost (amateur GrBe)
  5072 | D:4      | Reached skill level 5 in Fighting
  5138 | D:4      | Noticed a slave
  5139 | D:4      | Noticed Pikel
  5139 | D:4      | Noticed a slave
  5140 | D:4      | Noticed a slave
  5159 | D:4      | Noticed a slave
  5166 | D:4      | Killed Pikel
  5166 | D:4      | Reached skill level 6 in Fighting
  5166 | D:4      | Reached skill level 5 in Maces & Flails
  5166 | D:4      | Reached XP level 7. HP: 28/61 MP: 8/8
  5387 | D:4      | Found an ancient bone altar of Kikubaaqudgha.
  5439 | D:4      | Reached XP level 8. HP: 65/68 MP: 9/9
  5457 | D:4      | Killed Eustachio
  5457 | D:4      | Reached skill level 7 in Fighting
  6110 | D:6      | Reached skill level 5 in Armour
  6181 | D:6      | Found a burning altar of Makhleb.
  6227 | D:6      | Found a glowing silver altar of Zin.
  6234 | D:6      | Reached ** piety under Makhleb
  6249 | D:6      | Found a white marble altar of Elyvilon.
  6521 | D:6      | Got a heavy robe
  6646 | D:6      | Found a staircase to the Ecumenical Temple.
  6695 | D:7      | Noticed a troll
  6704 | D:7      | Killed a troll
  6704 | D:7      | Reached skill level 8 in Fighting
  6775 | D:7      | Gained mutation: You are resistant to hostile enchantments.
                  | (MR+) [potion of mutation]
  6775 | D:7      | Gained mutation: You have a pair of large horns on your
                  | head. [potion of mutation]
  6894 | D:7      | Found a blossoming altar of Fedhas.
  6942 | D:7      | Reached XP level 9. HP: 67/82 MP: 10/10
  7045 | D:7      | Found a hazy altar of Hepliaklqana.
  7130 | D:7      | Reached skill level 9 in Fighting
  7214 | D:7      | Found a sacrificial altar of Ru.
  7461 | D:7      | Found a sparkling altar of Nemelex Xobeh.
  7556 | D:8      | Identified the +1 robe of the Wary Blessings {-Tele rCorr
                  | Str+4 Dex+7} (You found it on level 6 of the Dungeon)
  7673 | D:8      | Noticed Joseph
  7685 | D:8      | Killed Joseph
  7955 | D:8      | Reached skill level 10 in Fighting
  7975 | D:8      | Noticed Psyche
  7999 | D:8      | Killed Psyche
  7999 | D:8      | Reached skill level 10 in Maces & Flails
  8294 | D:8      | You fall into a shaft and drop 3 floors!
  8404 | D:11     | Found a runed translucent gate.
  8404 | D:11     | Found a runed translucent gate.
  8404 | D:11     | Found a runed translucent gate.
  8406 | D:11     | Noticed a kobold demonologist
  8407 | D:11     | Noticed Sysandra's ghost (journeyman DECj)
  8407 | D:11     | Noticed a kobold demonologist
  8424 | D:11     | Reached XP level 10. HP: 94/94 MP: 11/11
  8427 | D:11     | Reached *** piety under Makhleb
  8501 | D:10     | Entered Level 10 of the Dungeon
  8517 | D:10     | Reached skill level 11 in Fighting
  8592 | D:10     | Paralysed by a hornet for 2 turns
  8597 | D:10     | Paralysed by a hornet for 1 turns
  8885 | D:10     | Found Neezah's Distillery.
  8903 | D:10     | Bought a potion of heal wounds for 75 gold pieces
  8903 | D:10     | Bought a potion of curing for 45 gold pieces
  8903 | D:10     | Bought a potion of curing for 45 gold pieces
  8903 | D:10     | Bought a potion of curing for 45 gold pieces
  8903 | D:10     | Bought a potion of curing for 45 gold pieces
  8970 | D:10     | Noticed a manticore
  8987 | D:10     | Killed a manticore
  9123 | D:10     | Reached skill level 12 in Fighting
  9139 | D:10     | Reached **** piety under Makhleb
  9192 | D:10     | Noticed an elephant
  9193 | D:10     | Found a staircase to the Lair.
  9209 | D:10     | Killed an elephant
  9224 | D:10     | Reached XP level 11. HP: 105/105 MP: 7/12
  9285 | D:10     | You fall into a shaft and drop 2 floors!
  9290 | D:12     | Noticed a skeletal warrior
  9385 | D:13     | Noticed an eight-headed hydra
  9393 | D:13     | Killed an eight-headed hydra
  9460 | D:13     | Killed an unseen horror
  9535 | D:13     | Noticed Azrael
  9556 | D:13     | Killed Azrael
  9556 | D:13     | Reached skill level 13 in Fighting
  9588 | D:13     | Got a translucent leather armour
  9603 | D:13     | Identified the cursed +0 leather armour "Loraicu" {Dex+3}
                  | (You found it on level 13 of the Dungeon)
  9649 | D:13     | Noticed a centaur warrior
  9659 | D:13     | Killed a centaur warrior
  9662 | D:13     | Reached skill level 10 in Armour
  9757 | D:13     | Found a flagged portal.
  9822 | Bailey   | Entered a bailey
  9889 | Bailey   | Reached skill level 1 in Axes
  9892 | Bailey   | Found a bloodstained altar of Trog.
 10049 | D:13     | Reached skill level 1 in Shields
 10260 | D:13     | Noticed a two-headed ogre
 10266 | D:13     | Killed a two-headed ogre
 10376 | D:13     | Noticed a centaur warrior
 10389 | D:13     | Killed a centaur warrior
 10389 | D:13     | Reached skill level 14 in Fighting
 10389 | D:13     | Reached XP level 12. HP: 113/117 MP: 13/13
 10754 | D:12     | Reached ***** piety under Makhleb
 11202 | D:12     | Noticed a death knight
 11235 | D:12     | Killed a death knight
 11235 | D:12     | Reached skill level 5 in Axes
 11236 | D:12     | Reached skill level 5 in Shields
 12327 | D:12     | Noticed a two-headed ogre
 12333 | D:12     | Killed a two-headed ogre
 12539 | D:11     | Reached skill level 10 in Axes
 12651 | D:11     | Found Juhov's General Store.
 12718 | D:11     | Noticed a queen ant
 12721 | D:11     | Identified the Almanac of the Hurtful Traveller
 12728 | D:11     | Killed a queen ant
 12739 | D:11     | Noticed Grum
 12742 | D:11     | Noticed Snorg
 12751 | D:11     | Killed Snorg
 12751 | D:11     | Reached XP level 13. HP: 125/125 MP: 14/14
 12758 | D:11     | Killed Grum
 12924 | D:11     | Reached ****** piety under Makhleb
 12992 | D:11     | Noticed Gastronok
 13002 | D:11     | Killed Gastronok
 13765 | D:9      | Found a staircase to the Orcish Mines.
 14582 | Lair:1   | Entered Level 1 of the Lair of Beasts
 15573 | Lair:1   | Noticed Sonja
 15584 | Lair:1   | Killed Sonja
 16192 | Lair:2   | Found a dark tunnel.
 16206 | Volcano  | Entered a volcano
 16517 | Volcano  | Reached skill level 15 in Axes
 18029 | Lair:3   | Found a staircase to the Swamp.
 18357 | Lair:4   | Reached XP level 14. HP: 133/133 MP: 15/15
 18363 | Lair:4   | Found a runed translucent gate.
 18363 | Lair:4   | Found a runed translucent gate.
 18363 | Lair:4   | Found a runed translucent gate.
 18370 | Lair:4   | You fall into a shaft and drop 2 floors!
 18370 | Lair:6   | Entered Level 6 of the Lair of Beasts
 18553 | Lair:5   | Found a gate leading to a gauntlet.
 18744 | Gauntlet | Entered a Gauntlet
 18744 | Gauntlet | Found a transporter.
 18744 | Gauntlet | Found a transporter.
 18748 | Gauntlet | Found a transporter.
 18748 | Gauntlet | Found a transporter.
 18762 | Gauntlet | Found a transporter.
 18772 | Gauntlet | Found a transporter.
 18782 | Gauntlet | Found a transporter.
 18785 | Gauntlet | Found the +12 glaive of Prune {chop}
 18785 | Gauntlet | Found a transporter.
 18806 | Gauntlet | Found a transporter.
 18815 | Gauntlet | Found a transporter.
 18815 | Gauntlet | Found a large runed translucent door.
 18863 | Gauntlet | Found a transporter.
 18878 | Gauntlet | Found a transporter.
 18880 | Gauntlet | Found a large runed translucent door.
 18880 | Gauntlet | Found a large runed translucent door.
 18881 | Gauntlet | Found a large runed translucent door.
 18881 | Gauntlet | Found a large runed translucent door.
 18882 | Gauntlet | Found a large runed translucent door.
 18882 | Gauntlet | Found a runed translucent door.
 18882 | Gauntlet | Found a large runed translucent door.
 18882 | Gauntlet | Found a runed translucent door.
 18882 | Gauntlet | Found a large runed translucent door.
 18882 | Gauntlet | Found a large runed translucent door.
 18883 | Gauntlet | Found a large runed translucent door.
 18883 | Gauntlet | Found a large runed translucent door.
 18886 | Gauntlet | Found a large runed translucent door.
 18886 | Gauntlet | Found a large runed translucent door.
 18888 | Gauntlet | Found a large runed translucent door.
 18888 | Gauntlet | Found a large runed translucent door.
 18888 | Gauntlet | Found a large runed translucent door.
 18890 | Gauntlet | Found a runed translucent gate.
 18890 | Gauntlet | Found a runed translucent gate.
 18890 | Gauntlet | Found a runed translucent gate.
 18892 | Gauntlet | Found a transporter.
 18893 | Gauntlet | Found the +6 shillelagh "Devastator" {shatter}
 18993 | Gauntlet | Found a transporter.
 19007 | Gauntlet | Found a transporter.
 19020 | Gauntlet | Found a transporter.
 19489 | Gauntlet | Got an ancient bronze ring
 19648 | Gauntlet | Identified the ring "Suafiff" {*Drain rN+ Str+5 Int+5} (You
                  | found it in a Gauntlet)
 19893 | Lair:5   | Identified Easy Wizardry
 19941 | Lair:5   | Reached skill level 1 in Invocations
 20533 | Lair:4   | Found a hole to the Spider Nest.
 20607 | Lair:4   | Identified a scroll of acquirement
 20687 | Lair:4   | Reached skill level 15 in Fighting
 20708 | Lair:4   | Got a slimy long sword
 20709 | Lair:4   | Identified the +6 long sword "Xoatap" {venom, -Tele rPois
                  | rC+++ Int-4} (You found it on level 4 of the Lair of
                  | Beasts)
 21040 | Lair:4   | Reached skill level 5 in Dodging
 21181 | Lair:4   | Noticed Frank2's ghost (journeyman DsGl)
 21531 | Lair:6   | Got a smoking robe
 21712 | Lair:6   | Reached skill level 5 in Invocations
 21737 | Lair:6   | Reached XP level 15. HP: 124/141 MP: 17/17
 22142 | Lair:6   | Found a runed translucent door.
 22143 | Lair:6   | Found a viscous altar of Jiyva.
 22145 | Lair:6   | Found a staircase to the Slime Pits.
 22527 | Orc:1    | Entered Level 1 of the Orcish Mines
 22558 | Orc:1    | Found Buow's Food Shop.
 22706 | Orc:1    | Found a roughly hewn altar of Beogh.
 22922 | Orc:2    | Entered Level 2 of the Orcish Mines
 22961 | Orc:2    | Noticed Maurice
 22974 | Orc:2    | Killed Maurice
 23140 | Orc:2    | Found a roughly hewn altar of Beogh.
 23222 | Orc:2    | Reached skill level 16 in Fighting
 23544 | Orc:2    | Found a staircase to the Elven Halls.
 23715 | Orc:2    | Found Nefunokk's Antique Armour Boutique.
 23718 | Orc:2    | Found Katoef's Magic Scroll Shop.
 23719 | Orc:2    | Found Ipno's General Store.
 23720 | Orc:2    | Found Alasiakhol's Jewellery Boutique.
 23723 | Orc:2    | Bought a scroll of teleportation for 45 gold pieces
 23723 | Orc:2    | Bought a scroll of blinking for 112 gold pieces
 23723 | Orc:2    | Bought a potion of curing for 45 gold pieces
 23733 | Orc:2    | Bought a scroll of fear for 45 gold pieces
 23733 | Orc:2    | Bought a scroll of enchant armour for 97 gold pieces
 23733 | Orc:2    | Bought a scroll of brand weapon for 260 gold pieces
 23733 | Orc:2    | Bought a scroll of teleportation for 39 gold pieces
 23733 | Orc:2    | Bought a scroll of fog for 26 gold pieces
 23733 | Orc:2    | Bought a scroll of teleportation for 39 gold pieces
 23733 | Orc:2    | Bought a scroll of magic mapping for 45 gold pieces
 23733 | Orc:2    | Bought a scroll of magic mapping for 45 gold pieces
 24549 | D:14     | Found a gate to the Vaults.
 24910 | D:14     | Identified the +4 robe "Foaluth" {+Blink rPois} (You found
                  | it on level 6 of the Lair of Beasts)
 25261 | D:15     | Entered Level 15 of the Dungeon
 25323 | D:15     | Found an iron altar of Okawaru.
 25416 | D:15     | Found a staircase to the Depths.
 25773 | D:15     | Reached skill level 17 in Fighting
 25885 | D:15     | Reached skill level 10 in Dodging
 25885 | D:15     | Reached XP level 16. HP: 106/155 MP: 21/21
 26489 | Elf:1    | Entered Level 1 of the Elven Halls
 27549 | Elf:1    | Identified the +4 broad axe of the Messenger {freeze, rElec
                  | Dex+2} (You found it on level 1 of the Elven Halls)
 27834 | Elf:2    | Found a runed translucent gate.
 27834 | Elf:2    | Found a runed translucent gate.
 27835 | Elf:2    | Found a runed translucent gate.
 28306 | Elf:3    | Entered Level 3 of the Elven Halls
 28536 | Elf:3    | Reached skill level 18 in Fighting
 28690 | Elf:3    | Reached XP level 17. HP: 131/163 MP: 22/22
 29382 | Elf:3    | Noticed a deep elf blademaster
 29391 | Elf:3    | Killed a deep elf blademaster
 29459 | Elf:3    | Noticed a deep elf master archer
 29478 | Elf:3    | Killed a deep elf master archer
 29636 | Elf:3    | Reached skill level 5 in Spellcasting
 29793 | Elf:3    | Identified the ring of the Nine Songs {*Tele rElec rF- rN+}
 29793 | Elf:3    | Noticed a deep elf blademaster
 29796 | Elf:3    | Identified the +11 trident of Fass {drain, Fragile Int+6
                  | Dex+3}
 29796 | Elf:3    | Identified the +2 leather armour of Dishonesty {rF++ rN+}
 29796 | Elf:3    | Identified the ring "Ekam" {rCorr Str+5}
 29819 | Elf:3    | Killed a deep elf blademaster
 29843 | Elf:3    | Noticed a deep elf master archer
 29843 | Elf:3    | Noticed a deep elf blademaster
 29843 | Elf:3    | Noticed a deep elf master archer
 29857 | Elf:3    | Killed a deep elf blademaster
 29867 | Elf:3    | Killed a deep elf master archer
 29873 | Elf:3    | Killed a deep elf master archer
 30297 | Elf:3    | Identified the Handbook of the Boosting Oath
 30304 | Elf:3    | Identified the +0 plate armour of Biuruocw {*Drain Int+6
                  | Dex+3 Slay-2} (You found it on level 3 of the Elven Halls)
 30321 | Elf:3    | Got a dazzling leather armour
 30332 | Elf:3    | Identified the +1 leather armour of Intercession {Regen+
                  | rCorr} (You found it on level 3 of the Elven Halls)
 30350 | Elf:3    | Identified Idocyts's Collected Works on Attacks
 30369 | Elf:3    | Got an encrusted broad axe
 30370 | Elf:3    | Identified the cursed +1 broad axe "Killer Bee's Doom"
                  | {chop, MP-9 Str+10} (You found it on level 3 of the Elven
                  | Halls)
 30376 | Elf:3    | Got a crude robe
 30387 | Elf:3    | Identified the +1 robe "Ucrohou" {rCorr Int+4} (You found
                  | it on level 3 of the Elven Halls)
 30403 | Elf:3    | Got a translucent long sword
 30404 | Elf:3    | Identified the +3 long sword of the Fray {flame, Fragile
                  | MP+9 Int+4} (You found it on level 3 of the Elven Halls)
 30408 | Elf:3    | Got a jewelled long sword
 30409 | Elf:3    | Identified the +8 long sword of Annihilation {flame, MR+
                  | Dex-4 SInv} (You found it on level 3 of the Elven Halls)
 30427 | Elf:3    | Got a transparent whip
 30428 | Elf:3    | Identified the +12 whip of Righteous Anger {antimagic, rN+
                  | Str-5 Dex+4} (You found it on level 3 of the Elven Halls)
 30828 | Spider:1 | Entered Level 1 of the Spider Nest
 31286 | Spider:1 | Learned a level 2 spell: Passwall
 31290 | Spider:1 | Learned a level 3 spell: Ozocubu's Armour
 31646 | Spider:2 | Reached skill level 1 in Ice Magic
 31653 | Spider:2 | Reached skill level 19 in Fighting
 31660 | Spider:2 | Reached skill level 1 in Charms
 31680 | Spider:2 | HP: 2/168 [disintegration (51)]
 32470 | Spider:2 | Reached XP level 18. HP: 176/176 MP: 26/26
 33306 | Swamp:1  | Entered Level 1 of the Swamp
 33401 | Swamp:1  | Noticed Jorgrun
 33414 | Swamp:1  | Killed Jorgrun
 33588 | Swamp:1  | Noticed Louise
 33688 | Swamp:2  | Noticed Aizul
 33699 | Swamp:2  | Killed Aizul
 33732 | Swamp:2  | Found a runed translucent door.
 33914 | Swamp:2  | Found a white marble altar of Elyvilon.
 34738 | Swamp:2  | Learned a level 6 spell: Deflect Missiles
 35206 | Swamp:3  | Reached skill level 1 in Air Magic
 35552 | Swamp:4  | Entered Level 4 of the Swamp
 35600 | Swamp:4  | Found a frozen archway.
 35648 | IceCv    | Entered an ice cave
 36075 | IceCv    | Noticed an Ice Fiend
 36090 | IceCv    | Killed an Ice Fiend
 36169 | IceCv    | Identified a +2 pair of boots of running (You found it in
                  | an ice cave)
 36349 | Swamp:4  | Reached skill level 20 in Fighting
 36420 | Swamp:4  | Reached XP level 19. HP: 158/185 MP: 29/29
 36972 | Swamp:4  | Reached skill level 5 in Charms
 37031 | Swamp:4  | Got a decaying rune of Zot
 37657 | Swamp:1  | Noticed Nikola
 37694 | Swamp:1  | Killed Nikola
 37737 | Swamp:1  | Killed Louise
 38673 | Spider:4 | Entered Level 4 of the Spider Nest
 38679 | Spider:4 | Got an ichor-stained scale mail
 39369 | Spider:4 | Identified the +6 scale mail "Nugrakal" {MR++} (You found
                  | it on level 4 of the Spider Nest)
 39466 | Spider:4 | Reached skill level 5 in Air Magic
 39555 | Spider:4 | Got a gossamer rune of Zot
 40481 | Lair:4   | Killed Frank2's ghost
 40683 | D:11     | Killed Sysandra's ghost
 40765 | D:11     | Reached XP level 20. HP: 178/195 MP: 31/31
 40797 | D:11     | Reached skill level 21 in Fighting
 40800 | D:11     | Reached skill level 1 in Translocations
 40880 | D:11     | Learned a level 2 spell: Blink
 41067 | D:4      | Killed Maplein's ghost
 41069 | D:4      | Killed jf82's ghost
 41070 | D:4      | Killed Blodwynpig's ghost
 41331 | Vaults:1 | Entered Level 1 of the Vaults
 41804 | Vaults:1 | Found a basalt altar of Yredelemnul.
 41953 | Vaults:1 | Found a large runed translucent door.
 41953 | Vaults:1 | Found a large runed translucent door.
 41954 | Vaults:1 | Noticed Fesusur's ghost (adept HuFi)
 42034 | Vaults:1 | Killed Fesusur's ghost
 42487 | Vaults:2 | Reached skill level 5 in Translocations
 42606 | Vaults:2 | HP: 4/198 [deep troll earth mage[an ironheart preserver]
                  | (15)]
 42606 | Vaults:2 | Mangled by a deep troll earth mage

Levels and vault maps discovered:
D:1:      giann_wishing_wells, layout_basic, minmay_misc_feat_rows
D:2:      layout_basic, first_ration, hangedman_decor_points
D:3:      wander_river, layout_loops_ring, dancing_weapons_uskayaw,
          makhleb_grotto_becter, minitemple, tgw_sif
D:4:      layout_basic, kennysheep_vampire_church, gammafunk_ghost_cemetery,
          minmay_mini_ossuary, uniq_eustachio, uniq_pikel
D:5:      layout_loops_corners, serial_bayou, serial_bayou_pond_c,
          serial_bayou_shore_b, serial_bayou_lagoon_b, serial_bayou_shore_a,
          trog_book
D:6:      layout_gridville, kennysheep_little_box, lemuel_doored_altar,
          minmay_temple_entry_fiery, bloody_makhleb
D:7:      layout_loops_ring, nicolae_overflow_hidden_temple,
          nicolae_ru_path_of_blood, marbit_many_paths,
          nemelex_diamond_rough_becter
D:8:      layout_basic, uniq_psyche, uniq_joseph
D:9:      layout_basic, orc_0_dummy
D:10:     layout_basic, david_lair_generic, serial_shops, shop,
          hangedman_pestilent_swarm
D:11:     minmay_twisted_water, layout_loops_ring,
          gammafunk_ghost_nasty_kobolds, serial_shops, kennysheep_mini,
          minivault_29, uniq_snorg, uniq_gastronok, uniq_grum
D:12:     layout_grid_maze
D:13:     layout_irregular_city, enter_bailey_7, serial_park_tiny_2, uniq_azrael
D:14:     layout_irregular_city, david_vaults_5,
          minmay_the_grid_square_5x5_3x3_mashed
          [minmay_the_grid_square_5x5_trominoes,
          minmay_the_grid_square_5x5_two_small,
          minmay_the_grid_square_5x5_bridge, minmay_the_grid_square_5x5_inset,
          minmay_the_grid_square_5x5_megaprize_hollow,
          minmay_the_grid_square_5x5_minivault,
          minmay_the_grid_square_5x5_two_walls_b,
          minmay_the_grid_square_5x5_dogpile,
          minmay_the_grid_square_5x5_detours]
D:15:     hangedman_depths_entry_try_elsewhere_first, layout_irregular_city,
          minmay_misc_feat_hallway, basic_altar, fountainhead,
          minmay_hollow_rounded_squares
Lair:1:   layout_layer_cave, uniq_sonja
Lair:2:   layout_roguey, enter_volcano_1, nicolae_quartered_pool_little,
          infiniplex_staircase_pool
Lair:3:   layout_regular_city, skrybe_swamp_entry_bodies,
          chequers_serial_rivers_micro_d, grunt_megastairs_2
Lair:4:   layout_regular_city, nicolae_spider_entry_non_spiders,
          gammafunk_ghost_icy, chequers_serial_rivers_large_b, nzn_random_ring
Lair:5:   layout_regular_city, gauntlet_entry_generic, st_stairs_13,
          cheibrodos_lair_lostbears, grunt_megastairs_3
Lair:6:   minmay_lair_end_frog_pond, layout_regular_city, slime_altar_2
Swamp:1:  layout_basic_swamp, hangedman_swamp_pad, uniq_nikola, uniq_jorgrun,
          uniq_louise
Swamp:2:  gammafunk_mikee_crab_dinner, layout_basic_swamp,
          lemuel_altar_in_water, uniq_aizul
Swamp:3:  layout_basic_swamp, evilmike_swamp_ruin_rubble_1, swamp_pool5
Swamp:4:  swamp, layout_basic_swamp, portal_ice_cave_entry_pillars_2,
          swamp_pool2, grunt_hermit_hut
Spider:1: layout_spider_delve
Spider:2: cheibrodos_forgotten_conduit, hangedman_spider_tarantella_strand
Spider:3: layout_spider_delve, guppyfry_spider_mini_3
Spider:4: floodkiller_spider_rune_tomb
Orc:1:    layout_caves, basic_altar, serial_shops, shop_coins
Orc:2:    st_orc_pillars, layout_diamond_mine, basic_altar, uniq_maurice
Elf:1:    minmay_elf_arrival_summoners, layout_geoelf_grid,
          hangedman_elf_represent
Elf:2:    layout_geoelf_grid
Elf:3:    minmay_elf_hall_statues, layout_loops_cross
Vaults:1: ebering_vaults_ghost_disaster_area, vaults_mumra_chevron,
          hangedman_vaults_slice, v_misc_16, serial_ice_b,
          nicolae_vaults_little_squares_1, layout_vaults_big_room, basic_altar
Vaults:2: nicolae_vaults_little_ls, hangedman_vaults_stagger, v_misc_15,
          ontoclasm_vaults_misaligned, nicolae_vaults_lopsided_apartments,
          nicolae_vaults_network_periphery, nicolae_vaults_hallways_thing,
          v_misc_26, ontoclasm_vaults_tryst, v_misc_25,
          ontoclasm_vaults_misaligned, ontoclasm_vaults_claustrophobia,
          v_misc_17, v_misc_30, ontoclasm_vaults_shuriken,
          grunt_vaults_hallway_long, layout_vaults_maze,
          nicolae_trove_entry_crossroad

Skill      XL: |  1  2  3  4  5  6  7  8  9 10 11 12 13 14 15 16 17 18 19 20 |
---------------+-------------------------------------------------------------+-----
Fighting       | 1 2 3 4 6 8 10 12 14 15 17 18 19 20 21 | 21.6
Short Blades   | 1 |  1.5
Armour         | 1 2 4 5 7 8 10 11 12 | 12.9
Maces & Flails | 1 2 3 5 6 8 10 12 13 | 13.4
Dodging        | 3 6 10 11 12 13 | 13.4
Axes           | 3 11 16 17 | 17.8
Shields        | 3 5 |  5.6
Invocations    | 5 8 9 |  9.0
Spellcasting   | 4 6 7 8 9 |  9.6
Ice Magic      | 2 3 |  3.2
Charms         | 2 4 6 |  6.5
Air Magic      | 2 5 |  5.6
Translocations | 5 |  5.8
Stealth        | |  1.5
Transmutations | |  0.7
Earth Magic    | |  2.4

Action                   |  1- 3 |  4- 6 |  7- 9 | 10-12 | 13-15 | 16-18 | 19-21 || total
-------------------------+-------+-------+-------+-------+-------+-------+-------++-------
Melee: Dagger            |    86 |       |       |       |       |       |       ||    86
       Unarmed           |     7 |       |       |       |       |       |       ||     7
       Headbutt          |     8 |    22 |    24 |    90 |   253 |   235 |   201 ||   833
       Whip              |    16 |   114 |       |       |       |       |       ||   130
       Flail             |       |    43 |   193 |   236 |    35 |    23 |    21 ||   551
       Broad axe         |       |       |       |   308 |  1291 |  1157 |   736 ||  3492
Throw: Stone             |       |     1 |       |     1 |       |     1 |       ||     3
       Dart              |       |       |       |       |       |       |     3 ||     3
 Cast: Sandblast         |     2 |       |       |       |       |       |       ||     2
       Ozocubu's Armour  |       |       |       |       |       |    15 |    12 ||    27
       Blink             |       |       |       |       |       |       |     2 ||     2
 Abil: Evoke Berserk Rag |       |       |     2 |    13 |     9 |     2 |     7 ||    33
Evoke: Wand              |       |     3 |    14 |    18 |    19 |    17 |    10 ||    81
       Lamp of fire      |       |       |       |       |       |     1 |       ||     1
       Phantom mirror    |       |       |       |       |       |     1 |       ||     1
  Use: Scroll            |     8 |     1 |     6 |    10 |    24 |    17 |     9 ||    75
       Potion            |       |     8 |     5 |     5 |     7 |    14 |     4 ||    43
 Stab: Sleeping          |     1 |       |       |       |       |     4 |     1 ||     6
       Invisible         |       |       |     1 |       |       |       |       ||     1
       Paralysed         |       |       |       |     4 |     1 |       |       ||     5
       Petrifying        |       |       |       |       |     2 |       |       ||     2
       Petrified         |       |       |       |       |       |     5 |       ||     5
       Distracted        |       |       |       |       |       |       |     1 ||     1
  Eat: Chunk             |     4 |     4 |    12 |    12 |    21 |     9 |     7 ||    69
       Ration            |       |     2 |     2 |     4 |     9 |     9 |     6 ||    32
Armor: Robe              |    18 |    21 |       |       |       |   153 |   179 ||   371
       Scale mail        |       |     7 |    37 |   139 |   381 |   132 |       ||   696
       Ring mail         |       |       |    42 |    96 |       |       |       ||   138
       Leather armour    |       |       |       |       |       |       |    41 ||    41
Dodge: Dodged            |    74 |    81 |   111 |   296 |   589 |   724 |   677 ||  2552
       Deflected         |       |       |       |       |    18 |    36 |       ||    54
Block: Buckler           |       |       |       |    70 |   270 |   215 |   221 ||   776
